 Dungeon Crawl Stone Soup version 0.29-a0-23-ga79f92ac9c (webtiles) character file.

Game seed: 2037246143347571959

165443 lorenzova the Eclecticist (level 17, -3/90 HPs)
             Began as a Deep Elf Conjurer on Jan 29, 2022.
             Was the Champion of Vehumet.
             Slain by a ghost moth (10 damage)
             ... on level 2 of the Spider Nest on Jan 30, 2022.
             The game lasted 02:36:28 (38533 turns).

lorenzova the Eclecticist (Deep Elf Conjurer)      Turns: 38533, Time: 02:36:29

Health: -3/90      AC: 13    Str:  4 (6)  XL:     17   Next: 2%
Magic:  0/42       EV: 22    Int: 32      God:    Vehumet [******]
Gold:   1836       SH:  5    Dex: 18 (21) Spells: 3/55 levels left

rFire   . . .      SeeInvis .   d - +8 hand axe of Yesterday {holy, Fly Will+}
rCold   . . .      Faith    .   r - orb {light}
rNeg    . . .      Spirit   .   R - +2 robe {Will+}
rPois   +          Reflect  +   c - +1 helmet "Zusiaj" {rPois Str+2 Dex+8 Stlth-}
rElec   .          Harm     .   W - scarf {repulsion}
rCorr   +          Rampage  .   (no gloves)
Will    +++..                   t - +2 pair of boots {Fly}
Stlth   ++........              i - amulet of reflection
HPRegen 0.25/turn               n - +4 ring of protection
MPRegen 0.28/turn               B - ring of resist corrosion

@: on berserk cooldown, flying, slowed, glowing, studying Ice Magic, repel
missiles, very slow
A: no striking features
}: 1/15 runes: barnacled
a: Renounce Religion


You were on level 2 of the Spider Nest.
You worshipped Vehumet.
Vehumet was exalted by your worship.
You visited 5 branches of the dungeon, and saw 26 of its levels.
You also visited: Ice Cave.

You collected 2321 gold pieces.
You spent 485 gold pieces at shops.

Inventory:

Hand Weapons
 d - the +8 hand axe of Yesterday (weapon) {holy, Fly Will+}
   (You found it on level 4 of the Dungeon)

   It has been blessed by the Shining One to cause great damage to the undead
   and demons.
   Fly:       It grants you flight.
   Will:      It increases your willpower.
 D - the +5 quarterstaff "Dragon's Tongue" {elec, rC+ Str+2 Stlth-}
   (You found it on level 9 of the Dungeon)

   It occasionally discharges a powerful burst of electricity upon striking a
   foe.
   Str:       It affects your strength (+2).
   rC:        It protects you from cold.
   Stlth:     It makes you less stealthy.
 H - the +5 dagger "Qosyod" {vamp, rC++}
   (You found it on level 4 of the Lair of Beasts)

   It occasionally heals its wielder for a portion of the damage dealt when it
   wounds a living foe.
   rC:        It greatly protects you from cold.
Missiles
 u - 5 throwing nets
Armour
 c - the +1 helmet "Zusiaj" (worn) {rPois Str+2 Dex+8 Stlth-}
   (You found it on level 2 of the Lair of Beasts)

   Str:       It affects your strength (+2).
   Dex:       It affects your dexterity (+8).
   rPois:     It protects you from poison.
   Stlth:     It makes you less stealthy.
 r - an orb of light (worn)
 t - a +2 pair of boots of flying (worn)
 A - a +2 ring mail of fire resistance
 F - a +2 cloak of stealth
 N - a +1 hat of intelligence
 R - a +2 robe of willpower (worn)
 S - a +2 robe of fire resistance
 T - a +2 robe of resistance
 W - a scarf of repulsion (worn)
Magical Staves
 h - a staff of air
 E - a staff of earth
 U - a staff of death
Jewellery
 g - a +4 ring of evasion
 i - an amulet of reflection (around neck)
 n - a +4 ring of protection (left hand)
 B - a ring of resist corrosion (right hand)
 C - a ring of see invisible
 I - a ring of protection from cold
 J - a ring of positive energy
 K - a +6 ring of intelligence
 Q - a ring of flight
 X - an amulet of the acrobat
Wands
 b - a wand of iceblast (17)
 w - a wand of flame (28)
Scrolls
 e - 4 scrolls of vulnerability
 j - 2 scrolls of fear
 s - 2 scrolls of fog
 v - a scroll of holy word
 y - 2 scrolls of torment
 z - a scroll of enchant weapon
 G - a scroll of enchant armour
 L - a scroll of amnesia
 O - a scroll of teleportation
Potions
 a - 3 potions of lignification
 f - a potion of brilliance
 k - 2 potions of might
 l - a potion of ambrosia
 m - a potion of cancellation
 o - a potion of invisibility
 p - 2 potions of attraction
 x - 2 potions of haste
 M - 2 potions of curing
 P - 3 potions of heal wounds


   Skills:
 - Level 4.9 Fighting
 - Level 16.1 Dodging
 - Level 13.4 Stealth
 * Level 19.6 Spellcasting
 * Level 17.5 Conjurations
 - Level 8.8 Hexes
 + Level 0.2 Summonings
 - Level 6.0 Translocations
 * Level 15.3 Fire Magic
 + Level 0.2 Air Magic
 * Level 4.5 Earth Magic


You had 3 spell levels left.
You knew the following spells:

 Your Spells              Type           Power      Damage    Failure   Level
a - Magic Dart            Conj           100%       1d8       0%          1
b - Searing Ray           Conj           100%       2d8       0%          2
c - Iskenderun's Mystic   Conj/Tloc      82%        2d16      1%          4
d - Fulminant Prism       Conj/Hex       43%        3d20      1%          4
e - Flame Wave            Conj/Fire      95%        2d16      0%          4
f - Fireball              Conj/Fire      47%        3d19      1%          5
g - Iron Shot             Conj/Erth      40%        9d8       1%          6
h - Swiftness             Air            32%        N/A       3%          3
j - Summon Lightning Spi  Summ/Air       32%        N/A       11%         4
o - Orb of Destruction    Conj           48%        9d13      1%          7
s - Sticky Flame          Conj/Fire      95%        2d10      0%          4
x - Conjure Flame         Conj/Fire      95%        6-21      0%          3
z - Iskenderun's Battles  Conj           97%        2d14      0%          5

Your spell library contained the following spells:

 Spells                   Type           Power      Damage    Failure   Level
 Foxfire                  Conj/Fire      100%       2x1d9     0%          1
 Scorch                   Fire           100%       2d10      0%          2
 Dazzling Flash           Conj/Hex       100%       N/A       0%          3
 Inner Flame              Hex/Fire       83%        N/A       0%          3
 Slow                     Hex            100%       N/A       1%          1
 Ensorcelled Hibernation  Hex/Ice        100%       N/A       1%          2
 Passwall                 Tmut/Erth      37%        N/A       1%          2
 Confusing Touch          Hex            73%        N/A       1%          3
 Gell's Gravitas          Tloc           63%        N/A       1%          3
 Ignite Poison            Fire/Tmut/Pois 59%        N/A       1%          3
 Lesser Beckoning         Tloc           63%        N/A       1%          3
 Mephitic Cloud           Conj/Pois/Air  62%        N/A       1%          3
 Stone Arrow              Conj/Erth      100%       3d13      1%          3
 Teleport Other           Tloc           63%        N/A       1%          3
 Vampiric Draining        Necr           31%        2d8       3%          3
 Freezing Cloud           Conj/Ice/Air   31%        6-21      1%          5
 Animate Armour           Summ/Erth      92%        N/A       4%          4
 Spellforged Servitor     Conj/Summ      36%        N/A       7%          7
 Dispersal                Tloc           31%        N/A       16%         6
 Lehudib's Crystal Spear  Conj/Erth      40%        10d10     21%         8
 Summon Cactus Giant      Summ           16%        N/A       85%         6
 Storm Form               Tmut/Air       16%        N/A       100%        7
 Maxwell's Capacitive Co  Air            16%        ∞         100%        8


Dungeon Overview and Level Annotations

Branches:
Dungeon (11/15)            Temple (0/1) D:6            Lair (6/6) D:9
 Shoals (4/4) Lair:3       Spider (3/4) Lair:2        Slime (0/5) Lair:6
    Orc (2/2) D:9             Elf (0/3) Orc:2         IceCv (visited)

Altars:
Ashenzari
Cheibriados
Fedhas
Hepliaklqana
Nemelex Xobeh
Okawaru
Qazlal
Ru
Sif Muna
Trog
Vehumet
Wu Jian
Yredelemnul
Zin

Shops:
D:3 (   D:5 (   D:6 (   Orc:2 *[*(

Annotations:
D:7 Joseph
Lair:5 exclusion: downstairs


Message History

The ghost moth completely misses you.
The ghost moth hits you but does no damage.
The ghost moth completely misses you.
You completely miss the ghost moth.
The ghost moth is moderately wounded.
The ghost moth misses you.
The ghost moth hits you but does no damage.
The ghost moth stings you.
* * * LOW HITPOINT WARNING * * *
Unknown command.
You slash the ghost moth!
The ghost moth is heavily wounded.
The ghost moth completely misses you. The ghost moth barely misses you.
The ghost moth stings you.
* * * LOW HITPOINT WARNING * * *
You feel clumsy.
You slash the ghost moth!
The ghost moth is severely wounded.
The ghost moth hits you.
* * * LOW HITPOINT WARNING * * *
You feel clumsy. The ghost moth closely misses you.
You block the ghost moth's attack.
Unknown command.
You slash the ghost moth!
The ghost moth is almost dead.
You are no longer berserk.
You are exhausted.
You feel yourself slow down. The ghost moth stares at you.
You feel your power leaking away. The ghost moth barely misses you.
The ghost moth hits you.
* * * LOW HITPOINT WARNING * * *
The ghost moth completely misses you.
You hit the ghost moth but do no damage.
The ghost moth is severely wounded.
The ghost moth stares at you. The ghost moth hits you!
* * * LOW HITPOINT WARNING * * *
The ghost moth hits you!
You die...

#..............
#..............
#..............
##..........†...
#...............
#..............
##.....*......
#...........
#...@.......
###.y.......
##........
##.......
#.....# ######


You could see a ghost moth (invisible, ally target) and a friendly battlesphere.

Vanquished Creatures
  Rupert (Spider:1)
  A lich (IceCv)
  Gastronok (Orc:1)
  A kraken (Shoals:2)
  A storm dragon (Shoals:4)
  3 emperor scorpions (Spider:1)
  Aizul (Spider:3)
  A ghost moth (Spider:2)
  A very ugly thing (IceCv)
  2 entropy weavers
  2 spark wasps
  An ettin (Orc:1)
  3 merfolk javelineers (Shoals:4)
  4 merfolk impalers
  Harold (D:7)
  A fire dragon (Lair:6)
  A jorogumo (Spider:2)
  9 hydras
  2 catoblepae (Lair:5)
  A boulder beetle (Spider:1)
  2 merfolk avatars
  A centaur warrior (Shoals:1)
  A satyr (Shoals:4)
  3 two-headed ogres
  7 merfolk aquamancers (Shoals:4)
  4 alligator snapping turtles
  5 death yaks (Lair:6)
  4 orc high priests (Orc:2)
  Urug (Lair:2)
  A sun moth (Spider:2)
  4 pharaoh ants
  4 orb spiders
  An obsidian statue (IceCv)
  9 sea snakes
  A lindwurm (Lair:6)
  A bog body (IceCv)
  20 harpies
  5 steelbarb worms
  A necromancer (IceCv)
  8 fauns
  8 orc sorcerers
  4 wolf spiders
  7 orc knights
  2 cyclopes
  11 manticores
  5 merfolk sirens
  A moth of wrath (Spider:1)
  6 black mambas
  10 elephants
  2 molten gargoyles (Lair:6)
  Maurice (D:10)
  7 water nymphs
  9 cane toads
  6 demonic crawlers
  4 rime drakes
  11 komodo dragons
  7 anaconda simulacra
  14 freezing wraiths (IceCv)
  2 ice devils (IceCv)
  3 golden dragon simulacra (IceCv)
  3 entropy weaver simulacra
  9 meliai
  6 trolls
  9 wind drakes
  21 merfolk
  3 polar bears
  22 tarantellas
  3 blink frogs (Lair:4)
  6 snapping turtles
  5 dream sheep (Lair:6)
  A meliai zombie (D:10)
  5 air elementals (Shoals:4)
  7 jumping spiders
  9 culicivoras
  15 water elementals
  3 dire elephant simulacra (IceCv)
  7 wyverns
  19 yaks
  Grum (D:8)
  8 basilisks
  24 redbacks
  5 steam dragons
  4 minotaur simulacra
  2 wargs
  7 harpy simulacra
  2 hydra simulacra (IceCv)
  4 hell hounds (Lair:6)
  10 water moccasins
  31 orc warriors
  3 alligator simulacra (IceCv)
  An ice beast (D:8)
  3 sky beasts
  A necrophage (D:5)
  2 ettin simulacra (IceCv)
  8 wolves
  7 ogres
  8 centaurs
  3 phantoms
  11 bullfrogs
  A gnoll sergeant (D:8)
  6 scorpions
  2 deep troll simulacra
  A wyvern zombie (D:7)
  A water moccasin zombie (D:5)
  6 killer bees
  2 lindwurm simulacra (IceCv)
  3 howler monkeys
  5 centaur zombies
  5 lava snakes (Lair:6)
  16 orc priests
  2 jellies
  2 bullfrog skeletons
  4 centaur skeletons (D:5)
  5 hounds
  A scorpion zombie (D:5)
  7 iguanas
  24 orc wizards
  7 hell rats (Lair:6)
  A killer bee zombie (D:8)
  A mummy (D:4)
  2 hound skeletons (D:5)
  5 adders
  7 gnolls
  A white imp (D:5)
  An adder skeleton (D:5)
  4 worms
  75 orcs
  6 ball pythons
  4 bats
  4 endoplasms
  12 giant cockroaches
  8 goblins
  6 hobgoblins
  4 jackals
  6 kobolds
  4 quokkas
  5 frilled lizards
  2 rats
  2 tentacles (Shoals:2)
799 creatures vanquished.

Vanquished Creatures (others)
  A steelbarb worm (Spider:3)
  A wizard (D:9)
  A manticore (Shoals:4)
  An ufetubus (D:4)
  An orc (D:4)
  84 fulminant prisms
  50 fungi
  103 plants
  17 tentacles (Shoals:2)
259 creatures vanquished.

Grand Total: 1058 creatures vanquished

Notes
Turn   | Place    | Note
-------+----------+-------------------------------------------
     0 | D:1      | lorenzova the Deep Elf Conjurer began the quest for the
                  | Orb.
     0 | D:1      | Reached XP level 1. HP: 10/10 MP: 6/6
    52 | D:1      | Found a faded altar of an unknown god.
   543 | D:1      | Reached XP level 2. HP: 15/15 MP: 5/8
   546 | D:1      | Learned a level 2 spell: Searing Ray
   681 | D:2      | Reached skill level 5 in Conjurations
   965 | D:1      | Reached XP level 3. HP: 8/19 MP: 1/9
  1274 | D:2      | Found a blossoming altar of Fedhas.
  2205 | D:3      | Found a glowing silver altar of Zin.
  2241 | D:3      | Reached XP level 4. HP: 24/24 MP: 6/11
  2259 | D:3      | Reached skill level 4 in Spellcasting
  2503 | D:3      | Noticed a phantom
  2517 | D:3      | Reached XP level 5. HP: 16/28 MP: 4/13
  2570 | D:3      | Killed a phantom
  2899 | D:3      | Found a radiant altar of Vehumet.
  3061 | D:3      | Became a worshipper of Vehumet
  3108 | D:3      | Found Roblam's Antique Weapon Emporium.
  3189 | D:4      | Reached skill level 5 in Spellcasting
  3189 | D:4      | Reached XP level 6. HP: 32/32 MP: 9/15
  3237 | D:4      | Found a shimmering blue altar of Sif Muna.
  3615 | D:4      | Found an iron altar of Okawaru.
  3994 | D:4      | Found a snail-covered altar of Cheibriados.
  4052 | D:4      | Reached * piety under Vehumet
  4052 | D:4      | Offered knowledge of Sandblast by Vehumet.
  4100 | D:4      | Reached skill level 6 in Spellcasting
  4210 | D:4      | Reached XP level 7. HP: 36/36 MP: 9/18
  4436 | D:4      | Noticed a steam dragon
  4631 | D:4      | Reached skill level 7 in Spellcasting
  4705 | D:4      | Identified the +8 hand axe of Yesterday {holy, Fly Will+}
  4933 | D:4      | Killed a steam dragon
  4988 | D:4      | Learned a level 4 spell: Iskenderun's Mystic Blast
  4993 | D:4      | Learned a level 4 spell: Fulminant Prism
  5017 | D:5      | Entered Level 5 of the Dungeon
  5259 | D:5      | Reached skill level 1 in Hexes
  5259 | D:5      | Reached XP level 8. HP: 34/41 MP: 17/21
  5328 | D:5      | Found Kaibluen's Antique Weapon Emporium.
  5396 | D:5      | Reached skill level 8 in Spellcasting
  5396 | D:5      | Reached skill level 1 in Translocations
  5746 | D:5      | Offered knowledge of Scorch by Vehumet.
  5750 | D:5      | Learned a level 2 spell: Scorch
  5801 | D:5      | Reached ** piety under Vehumet
  5919 | D:5      | Reached skill level 1 in Fire Magic
  6502 | D:5      | Found an ornate altar of the Wu Jian Council.
  6644 | D:6      | Identified the +0 robe "Iklagroch" {+Inv}
  6743 | D:6      | Found a staircase to the Ecumenical Temple.
  6754 | D:6      | Reached skill level 9 in Spellcasting
  7026 | D:6      | Learned a level 3 spell: Conjure Flame
  7031 | D:6      | Learned a level 4 spell: Flame Wave
  7045 | D:6      | Reached skill level 5 in Dodging
  7045 | D:6      | Reached XP level 9. HP: 45/45 MP: 14/24
  7772 | D:6      | Found Odwuv's Antique Weapon Boutique.
  8445 | D:7      | Reached skill level 10 in Conjurations
  8580 | D:7      | Offered knowledge of Poisonous Vapours by Vehumet.
  8581 | D:7      | Noticed Joseph
  9282 | D:7      | Noticed Harold
  9294 | D:7      | Killed Harold
  9295 | D:7      | Reached skill level 5 in Stealth
  9295 | D:7      | Reached skill level 10 in Spellcasting
  9549 | D:8      | Noticed Grum
  9555 | D:8      | Killed Grum
  9555 | D:8      | Reached *** piety under Vehumet
  9556 | D:8      | Reached XP level 10. HP: 50/50 MP: 12/26
  9579 | D:8      | Noticed a two-headed ogre
  9706 | D:8      | Killed a two-headed ogre
  9707 | D:8      | Reached skill level 5 in Fire Magic
  9714 | D:8      | Reached skill level 5 in Hexes
 10348 | D:8      | Found a stormy altar of Qazlal.
 10355 | D:8      | Found a sacrificial altar of Ru.
 10651 | D:9      | Offered knowledge of Sticky Flame by Vehumet.
 10657 | D:9      | Learned a level 4 spell: Sticky Flame
 10673 | D:9      | Found a broken altar of Ashenzari.
 10696 | D:9      | Reached skill level 11 in Spellcasting
 10855 | D:9      | Found a staircase to the Lair.
 11081 | D:9      | Found a staircase to the Orcish Mines.
 11106 | D:9      | Noticed a two-headed ogre
 11114 | D:9      | Killed a two-headed ogre
 11399 | D:9      | Found a hazy altar of Hepliaklqana.
 11404 | D:9      | Identified the +5 quarterstaff "Dragon's Tongue" {elec, rC+
                  | Str+2 Stlth-}
 11443 | D:9      | Found a basalt altar of Yredelemnul.
 11576 | D:9      | Found a sparkling altar of Nemelex Xobeh.
 11593 | D:9      | Found a bloodstained altar of Trog.
 11595 | D:9      | Noticed a wizard
 11599 | D:9      | Killed a wizard
 11784 | D:10     | Entered Level 10 of the Dungeon
 11785 | D:10     | Noticed Maurice
 11794 | D:10     | Killed Maurice
 11909 | D:10     | Noticed a two-headed ogre
 11916 | D:10     | Killed a two-headed ogre
 11917 | D:10     | Reached XP level 11. HP: 36/54 MP: 12/28
 12246 | D:10     | Reached skill level 5 in Translocations
 12352 | D:10     | Reached **** piety under Vehumet
 12513 | D:10     | Identified the +0 scale mail of Death Resistance {SInv}
 12798 | D:10     | Offered knowledge of Olgreb's Toxic Radiance by Vehumet.
 12996 | D:11     | Noticed a seven-headed hydra
 13564 | Lair:1   | Entered Level 1 of the Lair of Beasts
 13856 | Lair:1   | Noticed a five-headed hydra
 14000 | Lair:1   | Killed a five-headed hydra
 14001 | Lair:1   | Reached skill level 12 in Spellcasting
 14005 | Lair:1   | Noticed a five-headed hydra
 14014 | Lair:1   | Killed a five-headed hydra
 14132 | Lair:1   | Learned a level 5 spell: Iskenderun's Battlesphere
 14276 | Lair:1   | Noticed an eight-headed hydra
 14286 | Lair:1   | Killed an eight-headed hydra
 14424 | Lair:1   | Noticed a six-headed hydra
 14432 | Lair:1   | Killed a six-headed hydra
 14879 | Lair:2   | Noticed Urug
 15019 | Lair:2   | Killed Urug
 15134 | Lair:2   | Identified the +1 helmet "Zusiaj" {rPois Str+2 Dex+8
                  | Stlth-}
 15159 | Lair:2   | Found a hole to the Spider Nest.
 15228 | Lair:2   | Reached XP level 12. HP: 59/59 MP: 19/30
 15402 | Lair:2   | Reached skill level 10 in Dodging
 15483 | Lair:2   | Reached skill level 13 in Spellcasting
 16964 | Lair:3   | Found a staircase to the Shoals.
 17161 | Lair:4   | Noticed a five-headed hydra
 17170 | Lair:4   | Killed a five-headed hydra
 17815 | Lair:4   | Identified the +5 dagger "Qosyod" {vamp, rC++}
 18089 | Lair:4   | You are sucked into a shaft and drop 2 floors!
 18089 | Lair:6   | Entered Level 6 of the Lair of Beasts
 18089 | Lair:6   | Found a large runed translucent door.
 18089 | Lair:6   | Found a large runed translucent door.
 18124 | Lair:6   | Reached ***** piety under Vehumet
 18124 | Lair:6   | Offered knowledge of Lee's Rapid Deconstruction by Vehumet.
 18205 | Lair:6   | Noticed a fire dragon
 18339 | Lair:6   | Reached skill level 14 in Spellcasting
 18489 | Lair:6   | Noticed a seven-headed hydra
 18497 | Lair:6   | Killed a seven-headed hydra
 18583 | Lair:6   | Noticed a death yak
 18731 | Lair:5   | Noticed a catoblepas
 18949 | Lair:5   | Noticed a boulder beetle
 18957 | Lair:5   | HP: 1/59 [boulder beetle (26)]
 19192 | Lair:5   | Killed a catoblepas
 19193 | Lair:5   | Reached XP level 13. HP: 57/63 MP: 20/33
 19372 | Lair:5   | Reached skill level 10 in Fire Magic
 20869 | Lair:6   | Reached skill level 15 in Spellcasting
 21564 | Lair:6   | Reached skill level 10 in Stealth
 21792 | Lair:6   | Found a staircase to the Slime Pits.
 22383 | Lair:6   | Killed a fire dragon
 22976 | Orc:1    | Entered Level 1 of the Orcish Mines
 23004 | Orc:1    | Noticed an ettin
 23011 | Orc:1    | Killed an ettin
 23219 | Orc:1    | Reached XP level 14. HP: 68/68 MP: 26/35
 23295 | Orc:1    | Noticed Gastronok
 23308 | Orc:1    | Killed Gastronok
 23611 | Orc:2    | Entered Level 2 of the Orcish Mines
 23624 | Orc:2    | Reached skill level 16 in Spellcasting
 24186 | Orc:2    | Offered knowledge of Fireball by Vehumet.
 25168 | Orc:2    | Learned a level 5 spell: Fireball
 25510 | Orc:2    | Reached skill level 15 in Conjurations
 25571 | Orc:2    | Found a staircase to the Elven Halls.
 25788 | Orc:2    | Found Pacow's General Store.
 25906 | Orc:2    | Found Qeadeergh's Antique Weapon Boutique.
 25907 | Orc:2    | Found Usaolyaciarr's General Store.
 25923 | Orc:2    | Found Ryic's Armour Shoppe.
 25928 | Orc:2    | Bought a potion of heal wounds for 70 gold pieces
 25939 | Orc:2    | Bought a potion of heal wounds for 75 gold pieces
 25939 | Orc:2    | Bought a scroll of identify for 30 gold pieces
 25939 | Orc:2    | Bought a scroll of identify for 30 gold pieces
 26215 | Orc:2    | Bought a +1 pair of boots of flying for 280 gold pieces
 26374 | Spider:1 | Entered Level 1 of the Spider Nest
 26619 | Spider:1 | Reached skill level 1 in Fighting
 26730 | Spider:1 | Noticed Rupert
 26850 | Shoals:1 | Entered Level 1 of the Shoals
 27011 | Shoals:1 | Reached skill level 17 in Spellcasting
 27632 | Shoals:1 | Offered knowledge of Irradiate by Vehumet.
 28485 | Shoals:2 | Reached XP level 15. HP: 75/75 MP: 27/38
 28950 | Shoals:2 | Noticed a kraken
 29258 | Shoals:2 | Killed a kraken
 30222 | Shoals:3 | Reached skill level 15 in Dodging
 30239 | Shoals:3 | Found a frozen archway.
 30465 | IceCv    | Entered an ice cave
 30824 | IceCv    | Found an ancient bone altar of Kikubaaqudgha.
 31039 | IceCv    | Reached skill level 18 in Spellcasting
 31216 | IceCv    | Identified the +3 pair of gloves "Pyf Miyx" {Str+8 Dex-4}
 31327 | IceCv    | Reached ****** piety under Vehumet
 31493 | IceCv    | Noticed a lich
 31513 | IceCv    | Killed a lich
 32124 | Shoals:3 | Offered knowledge of Starburst by Vehumet.
 33034 | Shoals:4 | Entered Level 4 of the Shoals
 33372 | Shoals:4 | Reached XP level 16. HP: 84/84 MP: 26/40
 33841 | Shoals:4 | Paralysed by an air elemental for 1 turns
 34061 | Shoals:4 | Found a stormy altar of Qazlal.
 34251 | Shoals:4 | Paralysed by an air elemental for 1 turns
 34667 | Shoals:4 | Offered knowledge of Yara's Violent Unravelling by Vehumet.
 34795 | Shoals:4 | Learned a level 6 spell: Iron Shot
 34817 | Shoals:4 | Noticed a storm dragon
 34822 | Shoals:4 | Killed a storm dragon
 34848 | Shoals:4 | Reached skill level 19 in Spellcasting
 34953 | Shoals:4 | Reached skill level 1 in Earth Magic
 35002 | Shoals:4 | Got a barnacled rune of Zot
 35377 | Lair:2   | Learned a level 3 spell: Swiftness
 35386 | Spider:1 | Killed Rupert
 35704 | Spider:1 | Upgraded the game from 0.29-a0-22-gbf593b16ee to
                  | 0.29-a0-23-ga79f92ac9c
 36813 | Spider:2 | Reached skill level 15 in Fire Magic
 37089 | Spider:2 | You are sucked into a shaft and drop 1 floor!
 37089 | Spider:3 | Noticed Aizul
 37097 | Spider:3 | Killed Aizul
 37453 | Spider:3 | Offered knowledge of Orb of Destruction by Vehumet.
 37502 | Spider:3 | Learned a level 7 spell: Orb of Destruction
 38325 | Spider:2 | Reached XP level 17. HP: 90/90 MP: 36/42
 38375 | Spider:2 | Learned a level 4 spell: Summon Lightning Spire
 38533 | Spider:2 | Slain by a ghost moth

Illustrated notes

Levels and vault maps discovered:
D:1:      minmay_arrival_three_doors, layout_basic,
          ebering_ecumenical_altar_hall
D:2:      minmay_wonky_spiral, layout_basic, basic_altar, minmay_diced_spiral
D:3:      layout_loops_ring, mainiacjoe_overflow_small_starburst, zin_statuary,
          serial_shops, shop
D:4:      layout_rooms, slow_altar_2, okawaru_altar_gauntlet_db,
          amcnicky_altar_gilded, hangedman_decor_push, minivault_1,
          minmay_manual_monstrance
D:5:      minmay_thinvault, layout_rooms, pdpol_wu_jian_five_deadly_venoms,
          serial_shops, nicolae_shop_advertising_works
          [nicolae_subvault_shop_adworks], st_stairs_11, hangedman_decor_points
D:6:      layout_basic, minmay_temple_entry_water_ring, serial_shops,
          shop_statue
D:7:      layout_basic, uniq_joseph, uniq_harold
D:8:      layout_rooms, mainiacjoe_overflow_concentric_impassable,
          mainiacjoe_overflow_tiny_flanked, uniq_grum
D:9:      layout_roguey, mainiacjoe_overflow_chevrons, trog_wizard,
          evilmike_ruin_ashenzari, nemelex_diamond_rough_becter,
          mainiacjoe_overflow_brackets, lair_entry_dummy
D:10:     layout_rooms, uniq_maurice
D:11:     layout_irregular_city, tgw_fedhas
Lair:1:   layout_gridlike
Lair:2:   layout_loops_ring, nicolae_spider_entry_non_spiders, st_stairs_5,
          minivault_26, beast_lair_carwin_9, infiniplex_staircase_pool_2,
          uniq_urug
Lair:3:   layout_regular_city, minmay_shoals_entry_lonely_mermaid
Lair:4:   layout_regular_city, lemuel_fruit_fields
Lair:5:   layout_cave_pods, beast_lair_carwin_4, lemuel_fruit_fields,
          grunt_megastairs_4, lemuel_fruit_tree, serial_bayou_shore_b
Lair:6:   cheibrodos_lair_end_hotspot, layout_cellular_growth, slime_dummy,
          minivault_27, serial_bayou_shore_b
Shoals:1: layout_shoals, nicolae_shoals_lost_giant_hut
Shoals:2: layout_shoals, overgrown_tower, nicolae_shoals_nautilus_by_nature
Shoals:3: layout_shoals, portal_ice_cave_entry_ice_simulacra,
          nicolae_shoals_land_atoll, nicolae_shoals_cliffside_cave
Shoals:4: shoals_end_hellmonk_storm_palace [storm_palace_center_circular,
          storm_palace_corner_pillars, storm_palace_corner_pillars,
          storm_palace_corner_altar, storm_palace_corner_grid]
Spider:1: layout_cave_pods, uniq_rupert
Spider:2: layout_cave_pods
Spider:3: layout_spider_delve, nicolae_spider_altar_of_dancing, uniq_aizul
Orc:1:    layout_diamond_mine, uniq_gastronok
Orc:2:    st_orc_elflike, layout_diamond_mine, nicolae_orc_stony_grotto,
          nicolae_orc_lava_room

Skill      XL: |  1  2  3  4  5  6  7  8  9 10 11 12 13 14 15 16 |
---------------+-------------------------------------------------+-----
Conjurations   | 5 6 7 8 9 10 11 12 13 14 15 16 17 | 17.5
Spellcasting   | 4 5 6 7 9 10 11 12 14 15 17 18 19 | 19.6
Dodging        | 3 5 6 8 9 11 13 14 15 16 | 16.1
Hexes          | 1 3 4 6 7 8 |  8.8
Stealth        | 4 5 6 7 9 10 11 12 13 | 13.4
Translocations | 2 3 4 6 |  6.0
Fire Magic     | 2 4 6 8 9 11 13 14 15 | 15.3
Fighting       | 1 3 4 |  4.9
Earth Magic    | 4 |  4.5
Summonings     | |  0.2
Air Magic      | |  0.2

Action                   |  1- 3 |  4- 6 |  7- 9 | 10-12 | 13-15 | 16-18 || total
-------------------------+-------+-------+-------+-------+-------+-------++-------
Melee: Hand axe          |       |       |       |     1 |    11 |     7 ||    19
       Staff             |       |       |       |       |     1 |    15 ||    16
 Cast: Magic Dart        |    54 |    79 |   109 |   209 |   560 |   163 ||  1174
       Searing Ray       |     3 |    14 |    50 |    59 |     6 |       ||   132
       Iskenderun's Myst |       |       |     7 |    57 |   109 |    56 ||   229
       Flame Wave        |       |       |     1 |       |     8 |       ||     9
       Fulminant Prism   |       |       |    12 |    32 |    34 |     6 ||    84
       Sticky Flame      |       |       |       |    13 |    16 |    13 ||    42
       Iskenderun's Batt |       |       |       |    46 |   131 |    55 ||   232
       Conjure Flame     |       |       |       |     1 |     1 |     2 ||     4
       Fireball          |       |       |       |       |    50 |    52 ||   102
       Iron Shot         |       |       |       |       |       |    28 ||    28
       Swiftness         |       |       |       |       |       |     2 ||     2
       Summon Lightning  |       |       |       |       |       |     2 ||     2
Evoke: Wand              |       |       |       |       |       |     6 ||     6
  Use: Scroll            |     3 |     3 |     9 |     4 |     8 |     4 ||    31
       Potion            |       |       |     1 |     9 |     3 |     2 ||    15
Armor: Robe              |     1 |     8 |    23 |    18 |    10 |    25 ||    85
       Ring mail         |       |       |       |       |     9 |       ||     9
Dodge: Dodged            |     4 |    10 |    56 |    47 |    97 |   110 ||   324
       Repelled          |       |       |       |       |     6 |     2 ||     8
Block: Other             |       |       |       |       |    16 |       ||    16
       Reflection        |       |       |       |       |     6 |     1 ||     7
       Orb               |       |       |       |       |    26 |    21 ||    47

Table legend: (Time is in decaauts)
 A = Elapsed time spent in this place.
 B = Non-inter-level travel time spent in this place.
 C = Inter-level travel time spent in this place.
 D = Time resting spent in this place.
 E = Time spent auto-exploring this place.
 F = Levels seen in this place.
 G = Mean time per level.
                   A        B        C        D        E       F      G
               +--------+--------+--------+--------+--------+-----+--------+
         Total |  38514 |  36809 |   1705 |  17184 |  11245 |  27 | 1426.4 |
       Dungeon |  13665 |  13102 |    563 |   5724 |   5675 |  11 | 1242.3 |
          Lair |   9639 |   8971 |    668 |   3591 |   2453 |   6 | 1606.5 |
        Shoals |   7284 |   7086 |    198 |   3628 |   1904 |   4 | 1821.0 |
   Spider Nest |   3416 |   3382 |     34 |   1904 |    440 |   3 | 1138.7 |
  Orcish Mines |   3321 |   3080 |    241 |   1689 |    731 |   2 | 1660.5 |
      Ice Cave |   1186 |   1186 |      0 |    648 |     41 |   1 | 1186.0 |
               +--------+--------+--------+--------+--------+-----+--------+

Top non-repeatable levels by time:
  Lair:6: 2681 daAuts
Shoals:4: 2118 daAuts
Shoals:3: 1885 daAuts
     D:7: 1816 daAuts
     D:4: 1811 daAuts
Shoals:1: 1765 daAuts
   Orc:2: 1761 daAuts
Spider:1: 1691 daAuts
     D:9: 1633 daAuts
     D:5: 1567 daAuts
   Orc:1: 1560 daAuts
Shoals:2: 1515 daAuts
  Lair:5: 1501 daAuts
  Lair:2: 1459 daAuts
  Lair:1: 1411 daAuts
